 Dungeon Crawl Stone Soup version 0.24.0-2-g5b39cebb1c (webtiles) character file.

Game seed: 3554330890698047236, levelgen mode: deterministic

611353 inmateoo the Slayer (level 27, -2/196 HPs)
             Began as a Gargoyle Fighter on Oct 31, 2019.
             Was the Champion of Okawaru.
             Killed from afar by a Killer Klown (45 damage)
             ... with a klown pie
             ... on level 5 of the Realm of Zot.
             The game lasted 01:27:54 (63372 turns).

inmateoo the Slayer (Gargoyle Fighter)             Turns: 63372, Time: 01:27:55

Health: -2/196     AC: 60    Str: 31 (33) XL:     27
Magic:  30/30      EV: 13    Int: 15 (19) God:    Okawaru [******]
Gold:   3050       SH: 15    Dex:  9 (11) Spells: 26/26 levels left

rFire    + + +     SeeInvis +   d - +6 eveningstar "Hissuaduy" {crush, *Slow rF+++ MR+ Int+7}
rCold    + + +     Gourm    .   Y - +1 shield {reflect}
rNeg     + . .     Faith    .   p - +12 gold dragon scales
rPois    ∞         Spirit   .   U - +2 helmet {SInv}
rElec    +         Reflect  +   I - scarf {rC+ rF+}
rCorr    +         Harm     .   R - +0 pair of gloves of Starshine {rCorr}
MR       ++++.                  W - +2 pair of boots {Fly}
Stlth    ..........             s - amulet "Buroamoc" {rF- Regen+ Str+5}
HPRegen  0.42/turn              N - ring of protection from magic
MPRegen  0.22/turn              t - ring of protection from cold

@: silence
A: big wings, deformed body, negative energy resistance 1, shaggy fur 1,
electricity resistance, unbreathing, petrification resistance, rot immunity,
subdued magic 1, AC +20
}: 3/15 runes: decaying, serpentine, abyssal
a: Fly, Renounce Religion, Evoke Flight


You were on level 5 of the Realm of Zot.
You worshipped Okawaru.
Okawaru was exalted by your worship.
You were completely stuffed.

You visited 9 branches of the dungeon, and saw 48 of its levels.
You visited the Abyss 2 times.
You also visited: Ice Cave, Volcano and Wizlab.

You collected 7445 gold pieces.
You spent 4395 gold pieces at shops.

Inventory:

Hand Weapons
 d - the +6 eveningstar "Hissuaduy" (weapon) {crush, *Slow rF+++ MR+ Int+7}
   (Okawaru gifted it to you on level 4 of the Swamp)

   It inflicts extra damage upon your enemies.
   It affects your intelligence (+7).
   It renders you almost immune to fire.
   It affects your resistance to hostile enchantments.
   It may slow you when you take damage.
 x - a +6 eveningstar of crushing
Armour
 b - the +2 pair of gloves "Guozetz" {*Drain +Inv rC+++}
   (Okawaru gifted it to you on level 1 of the Depths)

   It renders you almost immune to cold.
   It lets you turn invisible.
   It causes draining when unequipped.
 p - +12 gold dragon scales (worn)
 I - a scarf of resistance (worn)
 R - the +0 pair of gloves of Starshine (worn) {rCorr}
   (You found it on level 3 of the Snake Pit)

   It provides partial protection from all sources of acid and corrosion.
 U - a +2 helmet of see invisible (worn)
 W - a +2 pair of boots of flying (worn)
 Y - a +1 shield of reflection (worn)
Jewellery
 n - an uncursed ring of protection from fire
 s - the amulet "Buroamoc" (around neck) {rF- Regen+ Str+5}
   (You found it on level 10 of the Dungeon)

   [amulet of regeneration]

   It affects your strength (+5).
   It makes you vulnerable to fire.
   It increases your rate of regeneration.
 t - a ring of protection from cold (right hand)
 D - the ring "Oxtucam" {rN+ Slay+2}
   (You found it in a wizard's laboratory)

   [ring of positive energy]

   It affects your accuracy and damage with ranged weapons and melee attacks
   (+2).
   It protects you from negative energy.
 N - a ring of protection from magic (left hand)
Wands
 g - a wand of flame (34)
 l - a wand of random effects (21)
 r - a wand of polymorph (16)
 y - a wand of disintegration (27)
 C - a wand of iceblast (63)
 F - a wand of digging (4)
 G - a wand of scattershot (9)
 K - a wand of paralysis (40)
 T - a wand of clouds (11)
Scrolls
 a - a scroll of fog
 e - 22 scrolls of remove curse
 o - 7 scrolls of fear
 u - 15 scrolls of identify
 v - 2 scrolls of amnesia
 A - 3 scrolls of holy word
 E - a scroll of blinking
 H - 14 scrolls of teleportation
 P - a scroll of brand weapon
Potions
 c - 5 potions of berserk rage
 h - 4 potions of invisibility
 j - 2 potions of ambrosia
 k - 5 potions of haste
 m - 9 potions of brilliance
 q - 3 potions of cancellation
 w - 3 potions of mutation
 z - 14 potions of curing
 B - 7 potions of agility
 J - 2 potions of heal wounds
 M - 3 potions of magic
 O - 5 potions of might
 S - 4 potions of resistance
Miscellaneous
 Q - a lamp of fire
 X - a phial of floods (inert)
Comestibles
 f - 49 rations


   Skills:
 - Level 26.0 Fighting
 - Level 26.0 Maces & Flails
 + Level 20.1 Armour
 + Level 15.1 Dodging
 - Level 15.0 Shields
 - Level 10.0 Invocations


You had 26 spell levels left.
You didn't know any spells.
Your spell library contained the following spells:

 Spells                   Type           Power        Failure   Level  Hunger
 Animate Skeleton         Necr           N/A          92%         1    ##.....
 Apportation              Tloc           #.....       92%         1    ##.....
 Confusing Touch          Hex            #.....       92%         1    ##.....
 Corona                   Hex            #......      92%         1    ##.....
 Flame Tongue             Conj/Fire      #....        92%         1    ##.....
 Infusion                 Chrm           #...         92%         1    ##.....
 Magic Dart               Conj           #...         92%         1    ##.....
 Pain                     Necr           #...         92%         1    ##.....
 Sandblast                Erth           #.....       92%         1    ##.....
 Summon Butterflies       Summ           #.......     92%         1    ##.....
 Blink                    Tloc           N/A          98%         2    ###....
 Call Imp                 Summ           #.......     98%         2    ###....
 Ensorcelled Hibernation  Hex/Ice        #.....       98%         2    ###....
 Passwall                 Tmut/Erth      #.......     98%         2    ###....
 Poisonous Vapours        Pois/Air       #.....       98%         2    ###....
 Searing Ray              Conj           #.....       98%         2    ###....
 Shroud of Golubria       Chrm/Tloc      #.....       98%         2    ###....
 Slow                     Hex            #.......     98%         2    ###....
 Song of Slaying          Chrm           #.......     98%         2    ###....
 Throw Flame              Conj/Fire      #.....       98%         2    ###....
 Confuse                  Hex            #.......     100%        3    ####...
 Conjure Flame            Conj/Fire      #.......     100%        3    ####...
 Dazzling Spray           Conj/Hex       #.....       100%        3    ####...
 Gell's Gravitas          Tloc           #.........   100%        3    ####...
 Inner Flame              Hex/Fire       #.......     100%        3    ####...
 Lesser Beckoning         Tloc           #.........   100%        3    ####...
 Mephitic Cloud           Conj/Pois/Air  #.......     100%        3    ####...
 Portal Projectile        Hex/Tloc       #.....       100%        3    ####...
 Regeneration             Chrm/Necr      #.........   100%        3    ####...
 Spectral Weapon          Hex/Chrm       #.......     100%        3    ####...
 Spider Form              Tmut/Pois      #.........   100%        3    ####...
 Static Discharge         Conj/Air       #.......     100%        3    ####...
 Stone Arrow              Conj/Erth      #.....       100%        3    ####...
 Tukima's Dance           Hex            #.......     100%        3    ####...
 Vampiric Draining        Necr           #.........   100%        3    ####...
 Animate Dead             Necr           N/A          100%        4    #####..
 Cause Fear               Hex            #.........   100%        4    #####..
 Force Lance              Conj/Tloc      #.......     100%        4    #####..
 Fulminant Prism          Conj/Hex       #.........   100%        4    #####..
 Iskenderun's Mystic Bla  Conj           #.......     100%        4    #####..
 Leda's Liquefaction      Hex/Erth       #.........   100%        4    #####..
 Olgreb's Toxic Radiance  Pois           #.......     100%        4    #####..
 Petrify                  Tmut/Erth      #.......     100%        4    #####..
 Sticky Flame             Conj/Fire      #.......     100%        4    #####..
 Summon Ice Beast         Ice/Summ       #.......     100%        4    #####..
 Alistair's Intoxication  Tmut/Pois      #.......     100%        5    ######.
 Aura of Abjuration       Summ           #.........   100%        5    ######.
 Bolt of Draining         Conj/Necr      #.........   100%        5    ######.
 Bolt of Magma            Conj/Fire/Erth #.........   100%        5    ######.
 Fireball                 Conj/Fire      #.........   100%        5    ######.
 Iskenderun's Battlesphe  Conj/Chrm      #.......     100%        5    ######.
 Lee's Rapid Deconstruct  Erth           #.........   100%        5    ######.
 Lightning Bolt           Conj/Air       #.........   100%        5    ######.
 Metabolic Englaciation   Hex/Ice        #.........   100%        5    ######.
 Venom Bolt               Conj/Pois      #.........   100%        5    ######.
 Yara's Violent Unravell  Hex/Tmut       #.........   100%        5    ######.
 Freezing Cloud           Conj/Ice/Air   #.........   100%        6    #######
 Invisibility             Hex            #.......     100%        6    #######
 Iron Shot                Conj/Erth      #.........   100%        6    #######
 Orb of Destruction       Conj           #.........   100%        7    #######
 Ring of Flames           Chrm/Fire      #.........   100%        7    #######
 Spellforged Servitor     Conj/Summ      #.........   100%        7    #######
 Ignition                 Fire           #.........   100%        8    #######
 Shatter                  Erth           #.........   100%        9    #######
 Tornado                  Air            #.........   100%        9    #######


Dungeon Overview and Level Annotations

Branches:
Dungeon (15/15)            Temple (0/1) D:4            Lair (6/6) D:8
  Swamp (4/4) Lair:4        Snake (4/4) Lair:4        Slime (0/5) Lair:6
    Orc (2/2) D:9             Elf (3/3) Orc:2        Vaults (4/5) D:13
  Crypt (0/3) Vaults:2     Depths (5/5) D:15            Zot (5/5) Depths:5
  IceCv (visited)         Volcano (visited)          WizLab (visited)

Altars:
Elyvilon
Gozag
Nemelex Xobeh
Okawaru
Wu Jian
Xom
Yredelemnul
Zin
Beogh

Shops:
D:4 %:(   D:11 [:=}*   Orc:2 *:?[[   Elf:1 %   Elf:3 *   Snake:2 =*}
Vaults:1 [[!   Vaults:3 *   Depths:2 }}=   Depths:4 %

Portals:
Hell: Depths:1 Depths:2 Depths:3 Depths:4 Depths:5
Abyss: Depths:3 Depths:4
Pandemonium: Depths:1 Depths:3
Ziggurat: Depths:3

Annotations:
D:12 Rupert
Lair:1 3 runed translucent doors, Wuochyse's ghost, journeyman DEWz
Lair:2 exclusion: 4 oklob plants
Swamp:1 1 runed translucent door, Buem's ghost, adept OgAM
Zot:1 1 runed translucent door, reasonance's ghost, legendary DsFi
Zot:5 exclusion: orange crystal statue


Innate Abilities, Weirdness & Mutations

You are resistant to torment.
Your stone body is resilient. (AC +20)
You are immune to poison.
Your large and strong wings let you fly indefinitely.
You resist negative energy. (rN+)
You are resistant to electric shocks. (rElec)
You can survive without breathing.
You are immune to petrification.
You are immune to rotting.
Armour fits poorly on your strangely shaped body.
You are covered in fur. (AC +1)
Your spells are a little easier to cast, but a little less powerful.


Message History

Press: ? - help, Shift-Dir - straight line, f - Killer Klown
Aim: a Killer Klown, wielding a +10 club of electrocution (almost dead)
The torrent of water misses the Killer Klown.
The wave splashes down.
The water rises up and takes form.
You hear a shout!
You hear a roar! x2
Unknown command.
Unknown command.
What are your orders? t - Shout!
Orders for allies: a - Attack new target. p - Attack previous target. r - Retreat! s - Stop attacking. g - Guard the area. f - Follow me.
Anything else - Cancel.
Gang up on whom?
Press: ? - help, Dir - move target cursor, f/p - Killer Klown
Aim: a Killer Klown, wielding a +10 club of electrocution (almost dead) Attack!
The Killer Klown throws klown pie at you.
The klown pie hits you!!!
Blueberry!
An unnatural silence engulfs you.
You die...

,,,,,,,....###...................
,,,,,,,.....#....................
,,,,,,,............$.............
,,,,,,,..........................
,,,,,,,.............)............
,,**,,,..........................
,*****,...........≈..E...........
** **...........≈≈≈...<........ *
*,.........@.p≈≈............ *
*,...........≈≈≈......<.....
******,.........##########.##....
,,,,**,........)# ##§###....
,,,,,,,.........# ##.## #....
,,,,,,,.........# ##.#####....
,,,,,,,....⌠....# ##..))[))....
,,,,,,,.........# #.#.#####....
********###▓▓▓▓########.########▓


You could see a Killer Klown and a friendly water elemental.

Vanquished Creatures
  3 ancient liches
  An orb of fire (Zot:2)
  Mennas (Vaults:2)
  Sojobo (Vaults:2)
  4 Killer Klowns (Zot:5)
  Boris (thrice) (Vaults:3 Depths:1 Depths:4)
  2 curse toes
  Jory (Vaults:3)
  6 golden dragons
  A bone dragon (Depths:5)
  5 electric golems
  Jorgrun (Swamp:1)
  18 tentacled monstrosities
  8 Orb Guardians (Zot:5)
  Asterion (Vaults:3)
  4 quicksilver dragons
  3 liches
  A deep elf blademaster (Elf:3)
  4 sphinxes
  A kraken (Abyss:4)
  A tentacled starspawn (Abyss:4)
  15 death cobs
  7 shadow dragons
  Kirke (D:14)
  Agnes (Snake:1)
  3 thorn hunters
  4 tengu reavers
  A draconian monk (Zot:4)
  20 storm dragons
  Donald (Vaults:2)
  18 nagarajas
  8 frost giants
  5 fire giants
  9 vault wardens
  4 deep elf sorcerers
  2 draconian knights
  7 draconian scorchers
  Louise (Swamp:4)
  2 balrugs
  Aizul (Snake:1)
  A draconian shifter (Zot:3)
  6 deep elf elementalists (Elf:3)
  A draconian stormcaller (Zot:5)
  8 ironheart preservers
  10 very ugly things
  A war gargoyle (Vaults:2)
  4 draconian annihilators
  4 spriggan defenders
  15 stone giants
  An entropy weaver (Vaults:4)
  10 black draconians
  5 vampire knights
  10 green draconians
  6 white draconians
  13 spark wasps
  4 deep elf demonologists
  Azrael (D:12)
  13 purple draconians
  11 yellow draconians
  3 deep elf annihilators
  7 red draconians
  Josephine (Lair:5)
  3 mummy priests (WizLab)
  5 deep elf death magi
  A crystal guardian (Vaults:4)
  A green death (Depths:4)
  9 ettins
  8 fire dragons
  11 yaktaur captains
  9 deep elf high priests
  3 rakshasas
  4 great orbs of eyes
  A hell beast (Depths:2)
  3 shambling mangroves
  25 naga warriors
  Harold (D:8)
  5 vault guards
  4 spriggan air magi
  14 ice dragons
  A ghost crab (Swamp:4)
  8 anacondas
  28 hydras
  16 alligators
  7 death yaks
  8 centaur warriors
  A catoblepas (Lair:6)
  49 two-headed ogres
  23 dancing weapons
  15 ogre magi
  2 deep troll earth magi
  3 vampire magi
  9 deep troll shamans
  10 tengu warriors
  24 naga sharpshooters
  An orc high priest (Orc:2)
  9 spriggan berserkers
  Urug (D:10)
  8 hell knights
  5 shock serpents
  3 thrashing horrors (Abyss:4)
  3 soul eaters (Depths:2)
  A sun demon (Depths:2)
  27 deep elf knights
  A sixfirhy (Abyss:4)
  A fire crab (Abyss:4)
  2 salamander mystics
  A shadow wraith (Vaults:3)
  3 iron trolls
  A spatial maelstrom (Abyss:4)
  5 skeletal warriors
  3 wretched stars (Abyss:4)
  4 unseen horrors
  2 death drakes (shapeshifter)
  3 small abominations
  12 deep trolls
  A spark wasp zombie (WizLab)
  22 deep elf archers
  6 swamp dragons
  3 wizards
  6 glowing orange brains
  3 spriggan druids
  5 flayed ghosts
  An obsidian statue (Depths:2)
  Pikel (D:5)
  7 naga ritualists
  A harpy (Vaults:1)
  A harpy (shapeshifter) (Depths:3)
  13 orc knights
  An orange crystal statue (Depths:1)
  A lindwurm (Lair:5)
  A stone giant zombie (D:15)
  7 mana vipers
  A phantasmal warrior (Vaults:3)
  23 ironbrand convokers
  56 ugly things
  A tengu skeleton (Vaults:2)
  An iron dragon zombie (D:15)
  3 necromancers
  A frost giant zombie (WizLab)
  An orb spider (Abyss:4)
  A shadow dragon skeleton (Vaults:3)
  A manticore (D:13)
  65 deep elf magi
  An orb spider (shapeshifter) (Depths:4)
  9 salamanders
  A worldbinder (Abyss:4)
  18 moths of wrath
  5 cyclopes
  4 orc sorcerers
  3 wolf spiders
  A stone giant skeleton (Vaults:2)
  An apocalypse crab (Abyss:4)
  3 elephants (Lair:6)
  A frost giant skeleton (Vaults:2)
  39 black mambas
  21 naga magi
  An eye of devastation (Lair:6)
  An ice statue (IceCv)
  A black mamba (shapeshifter) (Elf:3)
  11 vault sentinels
  4 smoke demons
  8 guardian serpents
  A rust devil (Depths:2)
  2 human zombies (Vaults:3)
  28 spiny frogs
  A gargoyle (D:15)
  An orange demon (Depths:2)
  A spriggan skeleton (Depths:1)
  4 kobold demonologists (D:13)
  2 yaktaur zombies
  39 yaktaurs
  5 rime drakes
  4 freezing wraiths
  9 komodo dragons
  6 guardian mummies
  3 ice devils
  A queen bee (shapeshifter) (Vaults:1)
  4 red devils
  3 hellwings (Depths:3)
  A troll (shapeshifter) (Vaults:3)
  An ancient zyme (Abyss:4)
  4 meliai
  5 tengu conjurers
  12 trolls
  A jumping spider (shapeshifter) (Vaults:2)
  16 hornets
  12 tyrant leeches
  10 bog bodies
  An ettin zombie (WizLab)
  7 large abominations
  18 polar bears
  16 blink frogs
  10 raiju (Abyss:4)
  A fire dragon zombie (WizLab)
  A blink frog (shapeshifter) (D:13)
  3 deep troll zombies
  31 slime creatures
  A hippogriff (shapeshifter) (Vaults:1)
  A spriggan zombie (WizLab)
  12 hippogriffs
  6 dream sheep (Lair:6)
  A centaur simulacrum (D:13)
  14 starcursed masses (Abyss:4)
  A redback (shapeshifter) (Depths:2)
  8 spriggans
  A ynoxinul (Abyss:4)
  4 shadows
  8 redbacks (Elf:2)
  2 water elementals
  8 hogs
  46 yaks
  2 vampires
  8 wraiths
  3 basilisks
  4 wyverns
  A basilisk (shapeshifter) (D:14)
  6 fire elementals
  A golden eye (shapeshifter) (Vaults:4)
  28 vampire mosquitoes
  A hungry ghost (D:11)
  3 chaos spawn
  3 neqoxecs
  A human (D:12)
  A soldier ant (shapeshifter) (Depths:3)
  10 insubstantial wisps
  A soldier ant (D:11)
  A spatial vortex (Abyss:4)
  2 wargs
  73 nagas
  7 swamp worms
  3 acid dragons
  12 water moccasins
  3 hell hounds (D:12)
  11 swamp drakes
  A deep troll skeleton (Vaults:2)
  9 porcupines
  45 orc warriors
  6 ice beasts
  2 black bears
  2 black bears (shapeshifter)
  2 hornet zombies
  4 sky beasts
  3 necrophages
  A spriggan simulacrum (Depths:1)
  An eye of draining (Lair:6)
  10 boggarts
  34 ogres
  34 wolves
  21 centaurs
  2 elf skeletons (Vaults:2)
  An elf simulacrum (Vaults:3)
  4 human skeletons (Vaults:2)
  4 phantoms
  15 crocodiles
  7 big kobolds
  A crocodile (shapeshifter) (D:13)
  20 bullfrogs
  A glowing shapeshifter simulacrum (Depths:1)
  A wyvern skeleton (D:14)
  6 scorpions
  2 tengu zombies (WizLab)
  19 wights
  4 howler monkeys
  2 electric eels
  18 crimson imps
  A bullfrog zombie (D:9)
  5 hounds
  5 centaur zombies
  2 jellies
  7 centaur skeletons
  26 orc priests
  5 iron imps
  4 bullfrog skeletons
  A lightning spire (Zot:4)
  4 iguanas
  23 orc wizards
  11 worker ants
  2 killer bee zombies
  A bullfrog simulacrum (D:13)
  A hound zombie (D:5)
  23 adders
  7 shadow imps
  3 white imps
  2 ufetubi (D:13)
  3 adder zombies
  2 adder skeletons
  A dart slug (D:1)
  3 leopard geckos
  98 orcs
  3 ball pythons
  6 giant cockroaches
  6 hobgoblins
  9 jackals
  33 kobolds
  3 quokkas
  6 bats
  2 frilled lizards (D:1)
  7 goblins
  A quokka skeleton (D:7)
  5 rats
  4 briar patches
  3 crawling corpses (Elf:3)
  4 tentacles (Abyss:4)
2265 creatures vanquished.

Vanquished Creatures (collateral kills)
  Frances (D:13)
  A deep troll shaman (Depths:3)
  An iron troll (Depths:3)
  A worker ant (D:10)
4 creatures vanquished.

Vanquished Creatures (others)
  A golden dragon (Zot:3)
  A deep elf master archer (Elf:3)
  3 draconian knights
  A stone giant (Vaults:3)
  A yellow draconian (Zot:4)
  A rakshasa (Vaults:3)
  A centaur warrior (Vaults:1)
  A shadow wraith (Vaults:4)
  2 deep elf archers
  A deep elf mage (Elf:3)
  3 yaktaurs
  A blink frog (shapeshifter) (Elf:2)
  An air elemental (Elf:2)
  A yak (IceCv)
  A naga (Snake:4)
  A boggart (Vaults:3)
  A wolf (IceCv)
  A bullfrog (D:12)
  A crimson imp (Depths:2)
  A small abomination (Abyss:4)
  An adder (D:12)
  2 briar patches
  A bush (Lair:6)
  A fungus (Lair:6)
  20 plants
  2 starspawn tentacles (Abyss:4)
  7 tentacles (Abyss:4)
  8 toadstools (Swamp:1)
  A withered plant (D:15)
68 creatures vanquished.

Grand Total: 2337 creatures vanquished

Notes
Turn   | Place    | Note
-------+----------+-------------------------------------------
     0 | D:1      | inmateoo the Gargoyle Fighter began the quest for the Orb.
     0 | D:1      | Reached XP level 1. HP: 14/14 MP: 1/1
   292 | D:1      | Reached XP level 2. HP: 19/19 MP: 2/2
   799 | D:2      | Reached XP level 3. HP: 22/23 MP: 3/3
   868 | D:2      | Found a faded altar of an unknown god.
   938 | D:2      | Became a worshipper of Warmaster Okawaru
   938 | D:2      | Reached * piety under Okawaru
  1645 | D:3      | Reached XP level 4. HP: 27/29 MP: 4/4
  1973 | D:3      | Reached skill level 1 in Invocations
  2319 | D:4      | Reached XP level 5. HP: 33/33 MP: 5/5
  2354 | D:4      | Noticed an ogre
  2362 | D:4      | Killed an ogre
  2369 | D:4      | Found Pient's Food Boutique.
  2378 | D:4      | Found a staircase to the Ecumenical Temple.
  2477 | D:4      | Reached XP level 6. HP: 33/38 MP: 7/7
  2600 | D:4      | Found Ranasar's Antique Weapon Shop.
  2652 | D:4      | Found Nopp's Book Boutique.
  2677 | D:4      | Reached ** piety under Okawaru
  2932 | D:4      | Found a sparkling altar of Nemelex Xobeh.
  2935 | D:4      | Found a basalt altar of Yredelemnul.
  3220 | D:5      | Entered Level 5 of the Dungeon
  3325 | D:5      | Reached XP level 7. HP: 44/44 MP: 8/8
  3449 | D:5      | Reached skill level 5 in Fighting
  3449 | D:5      | Reached skill level 5 in Maces & Flails
  3449 | D:5      | Reached skill level 1 in Dodging
  3449 | D:5      | Reached skill level 5 in Shields
  3484 | D:5      | Reached *** piety under Okawaru
  3484 | D:5      | Reached skill level 5 in Armour
  3484 | D:5      | Reached XP level 8. HP: 34/49 MP: 10/10
  4009 | D:5      | Noticed Pikel
  4049 | D:5      | Killed Pikel
  4049 | D:5      | Reached **** piety under Okawaru
  4049 | D:5      | Reached XP level 9. HP: 33/55 MP: 10/12
  4545 | D:6      | Found an ornate altar of the Wu Jian Council.
  4935 | D:5      | Reached skill level 5 in Invocations
  5384 | D:6      | Got an encrusted spear
  5385 | D:6      | Identified the cursed +0 spear "Caont" {drain, Str+5} (You
                  | found it on level 6 of the Dungeon)
  5638 | D:6      | Found a white marble altar of Elyvilon.
  6120 | D:7      | Reached ***** piety under Okawaru
  6120 | D:7      | Received a gift from Okawaru
  6489 | D:7      | Noticed a troll
  6500 | D:7      | Killed a troll
  6710 | D:7      | Reached XP level 10. HP: 58/63 MP: 14/14
  7477 | D:8      | Found a staircase to the Lair.
  8084 | D:9      | Found a staircase to the Orcish Mines.
  8123 | D:9      | Noticed Harold
  8162 | D:8      | Killed Harold
  8162 | D:8      | Received a gift from Okawaru
  8347 | D:9      | Reached skill level 5 in Dodging
  8377 | D:9      | Reached skill level 10 in Maces & Flails
  8446 | D:8      | Got a faintly humming scale mail {god gift}
  8458 | D:8      | Identified the +2 scale mail of the Trees {*Drain Int+5}
                  | (Okawaru gifted it to you on level 8 of the Dungeon)
  8708 | D:9      | Got a translucent mace
  8709 | D:9      | Identified the cursed +0 mace "Veri" {drain, *Noise rPois
                  | Int+8 Stlth+} (You found it on level 9 of the Dungeon)
  9020 | D:10     | Entered Level 10 of the Dungeon
  9045 | D:10     | Reached XP level 11. HP: 68/69 MP: 16/16
  9116 | D:10     | Noticed a two-headed ogre
  9137 | D:10     | Killed a two-headed ogre
  9262 | D:10     | Got a slimy platinum amulet
  9382 | D:10     | Identified the amulet "Buroamoc" {rF- Regen+ Str+5} (You
                  | found it on level 10 of the Dungeon)
  9545 | D:10     | Noticed Urug
  9562 | D:10     | Killed Urug
 10396 | D:11     | Noticed a six-headed hydra
 10408 | D:11     | Killed a six-headed hydra
 10408 | D:11     | Reached skill level 10 in Fighting
 10471 | D:11     | Found Ytirpho's Jewellery Shoppe.
 10492 | D:11     | Found Laqoq's Book Shoppe.
 10524 | D:11     | Noticed a two-headed ogre
 10536 | D:11     | Killed a two-headed ogre
 10593 | D:11     | Received a gift from Okawaru
 10611 | D:11     | Found Itwyis's Armour Boutique.
 10664 | D:11     | Noticed a white ugly thing
 10683 | D:11     | Killed a white ugly thing
 10880 | D:11     | Noticed a two-headed ogre
 10883 | D:11     | Killed a two-headed ogre
 10935 | D:11     | Found Nait's Assorted Antiques.
 10938 | D:11     | Bought a scroll of teleportation for 57 gold pieces
 10938 | D:11     | Bought a scroll of enchant weapon for 142 gold pieces
 10938 | D:11     | Bought a scroll of identify for 38 gold pieces
 10957 | D:11     | Found Maeps's Gadget Shoppe.
 11042 | D:11     | Reached XP level 12. HP: 79/79 MP: 17/17
 11229 | D:12     | Noticed a six-headed hydra
 11247 | D:12     | Killed a six-headed hydra
 11261 | D:12     | Noticed Rupert
 11869 | D:13     | Found an opulent altar of Gozag.
 11992 | D:13     | Found a frozen archway.
 12022 | IceCv    | Entered an ice cave
 12028 | IceCv    | Received a gift from Okawaru
 12388 | IceCv    | Reached ****** piety under Okawaru
 13008 | IceCv    | Reached XP level 13. HP: 76/86 MP: 18/18
 13220 | IceCv    | Reached skill level 15 in Maces & Flails
 13647 | IceCv    | Noticed a frost giant
 13701 | IceCv    | HP: 2/87 [frost giant/bolt of cold (6)]
 14479 | IceCv    | Killed a frost giant
 15293 | D:13     | Found a gate to the Vaults.
 15360 | D:13     | Noticed Frances
 15866 | Lair:1   | Entered Level 1 of the Lair of Beasts
 15867 | Lair:1   | Noticed Wuochyse's ghost (journeyman DEWz)
 15868 | Lair:1   | Noticed a minotaur
 16046 | Lair:1   | Found a runed translucent gate.
 16046 | Lair:1   | Found a runed translucent gate.
 16046 | Lair:1   | Found a runed translucent gate.
 16665 | Lair:2   | Received a gift from Okawaru
 17215 | Lair:2   | Gained mutation: Your large and strong wings let you fly
                  | indefinitely. [Gargoyle growth]
 17215 | Lair:2   | Reached XP level 14. HP: 94/94 MP: 19/19
 18355 | Lair:4   | Found a staircase to the Swamp.
 18781 | Lair:4   | Received a gift from Okawaru
 18956 | Lair:4   | Found a staircase to the Snake Pit.
 19612 | Lair:5   | Received a gift from Okawaru
 19652 | Lair:5   | Noticed Josephine
 19667 | Lair:5   | Killed Josephine
 19758 | Lair:5   | Found a dark tunnel.
 19763 | Volcano  | Entered a volcano
 19940 | Volcano  | Found a radiant altar of Vehumet.
 20246 | Volcano  | Received a gift from Okawaru
 21220 | Lair:6   | Entered Level 6 of the Lair of Beasts
 21865 | Lair:6   | Found a staircase to the Slime Pits.
 21905 | Lair:6   | Received a gift from Okawaru
 21905 | Lair:6   | Reached XP level 15. HP: 96/101 MP: 19/21
 22823 | Lair:6   | Received a gift from Okawaru
 23410 | Orc:1    | Entered Level 1 of the Orcish Mines
 23591 | Orc:1    | Found a roughly hewn altar of Beogh.
 24027 | Orc:1    | Reached skill level 15 in Fighting
 24027 | Orc:1    | Reached XP level 16. HP: 108/108 MP: 21/23
 24039 | Orc:2    | Entered Level 2 of the Orcish Mines
 24086 | Orc:2    | Found Penoleet's Antique Armour Shop.
 24232 | Orc:2    | Bought a glowing scarf for 224 gold pieces
 24242 | Orc:2    | Bought a glowing cloak for 210 gold pieces
 24352 | Orc:2    | Found a staircase to the Elven Halls.
 24834 | Orc:2    | Reached skill level 10 in Invocations
 25014 | Orc:1    | Noticed Sonja
 25146 | Orc:2    | Found Ybenumin's Magic Scroll Emporium.
 25146 | Orc:2    | Found Isuronn's Book Boutique.
 25148 | Orc:2    | Found Medeumew's General Store.
 25150 | Orc:2    | Found Noasserr's Armour Shoppe.
 25154 | Orc:2    | Bought a scroll of blinking for 105 gold pieces
 25154 | Orc:2    | Bought a scroll of teleportation for 42 gold pieces
 25154 | Orc:2    | Bought a scroll of teleportation for 42 gold pieces
 25157 | Orc:2    | Bought a scroll of identify for 28 gold pieces
 25427 | Orc:1    | Noticed Sonja
 25427 | Orc:1    | Sonja changed into Sonja the polar bear
 25433 | Orc:1    | Killed Sonja the polar bear
 25821 | D:12     | Noticed Azrael
 25837 | D:12     | Killed Azrael
 25840 | D:12     | Received a gift from Okawaru
 26633 | D:13     | Found a glowing silver altar of Zin.
 26735 | D:13     | Killed Frances
 27231 | D:14     | Reached skill level 10 in Armour
 27231 | D:14     | Reached skill level 10 in Shields
 27373 | D:14     | Noticed Kirke
 27401 | D:14     | Killed Kirke
 27423 | D:14     | Found an opulent altar of Gozag.
 27863 | D:14     | Reached XP level 17. HP: 97/113 MP: 21/24
 28022 | D:15     | Entered Level 15 of the Dungeon
 28122 | D:15     | Found a staircase to the Depths.
 28409 | D:15     | Received a gift from Okawaru
 28424 | D:15     | Got a polished crystal plate armour {god gift}
 28702 | D:15     | Identified the +0 crystal plate armour of Jazenes {rPois
                  | SInv} (Okawaru gifted it to you on level 15 of the Dungeon)
 29633 | Swamp:1  | Entered Level 1 of the Swamp
 29901 | Swamp:1  | Noticed Jorgrun
 29960 | Swamp:1  | Killed Jorgrun
 30820 | Swamp:1  | Found a runed translucent door.
 30820 | Swamp:1  | Noticed Buem's ghost (adept OgAM)
 30900 | Swamp:1  | Received a gift from Okawaru
 33007 | Swamp:3  | Reached XP level 18. HP: 102/122 MP: 20/25
 33059 | Swamp:3  | Identified the +2 scale mail "Hixeyrub" {Dex+4}
 33441 | Swamp:4  | Entered Level 4 of the Swamp
 33509 | Swamp:4  | Received a gift from Okawaru
 33522 | Swamp:4  | Got a polished eveningstar {god gift}
 33525 | Swamp:4  | Identified the +6 eveningstar "Hissuaduy" {crush, *Slow
                  | rF+++ MR+ Int+7} (Okawaru gifted it to you on level 4 of
                  | the Swamp)
 34080 | Swamp:4  | Noticed Louise
 34088 | Swamp:4  | Killed Louise
 34553 | Swamp:4  | Received a gift from Okawaru
 34791 | Swamp:4  | Got a decaying rune of Zot
 34976 | Snake:1  | Entered Level 1 of the Snake Pit
 35029 | Snake:1  | Noticed Agnes
 35041 | Snake:1  | Killed Agnes
 35640 | Snake:1  | Noticed Aizul
 35655 | Snake:1  | Killed Aizul
 36001 | Snake:2  | Found Cuthrar's Gadget Shop.
 36005 | Snake:2  | Found Buasip's Assorted Antiques.
 36006 | Snake:2  | Found Isiphaont's Jewellery Shop.
 36015 | Snake:2  | Bought a shiny large shield for 247 gold pieces
 36015 | Snake:2  | Bought a scroll of fear for 115 gold pieces
 36103 | Snake:2  | Received a gift from Okawaru
 36558 | Snake:3  | Found a shimmering altar of Xom.
 36575 | Snake:3  | Reached XP level 19. HP: 131/131 MP: 26/26
 36902 | Snake:3  | Identified the +0 pair of gloves of Starshine {rCorr} (You
                  | found it on level 3 of the Snake Pit)
 37411 | Snake:4  | Entered Level 4 of the Snake Pit
 37847 | Snake:4  | Received a gift from Okawaru
 38351 | Snake:4  | Identified the +2 robe of Vaelliv {rPois Int+2}
 38534 | Snake:4  | Reached XP level 20. HP: 136/139 MP: 25/27
 38544 | Snake:4  | Received a gift from Okawaru
 39064 | Snake:4  | Received a gift from Okawaru
 39077 | Snake:4  | Got a serpentine rune of Zot
 39441 | Vaults:1 | Entered Level 1 of the Vaults
 39653 | Vaults:1 | Found Dupyote's Antique Armour Boutique.
 39667 | Vaults:1 | Found Omoicupo's Distillery.
 39719 | Vaults:1 | Noticed a golden dragon
 39740 | Vaults:1 | Killed a golden dragon
 40165 | Vaults:1 | Found Oceez's Armour Shoppe.
 40512 | Vaults:2 | Noticed Sojobo
 40550 | Vaults:2 | Killed Sojobo
 40563 | Vaults:2 | Received a gift from Okawaru
 40619 | Vaults:2 | Reached XP level 21. HP: 125/144 MP: 24/28
 41179 | Vaults:2 | Noticed Mennas
 41208 | Vaults:2 | Killed Mennas
 41208 | Vaults:2 | Reached skill level 10 in Dodging
 41480 | Vaults:2 | Noticed Donald
 41494 | Vaults:2 | Killed Donald
 41868 | Vaults:2 | Found a staircase to the Crypt.
 42354 | Vaults:3 | Found Wejeka's Assorted Antiques.
 42515 | Vaults:3 | Received a gift from Okawaru
 42719 | Vaults:3 | Noticed Asterion
 42731 | Vaults:3 | Killed Asterion
 42811 | Vaults:3 | Noticed Jory
 42831 | Vaults:3 | Killed Jory
 42862 | Vaults:3 | Noticed Boris
 43031 | Vaults:3 | Killed Boris
 43324 | Vaults:3 | Reached XP level 22. HP: 80/152 MP: 17/29
 43931 | Vaults:4 | Received a gift from Okawaru
 44061 | Vaults:4 | Found Qora's Gadget Shoppe.
 44116 | Vaults:4 | Found a magical portal.
 44568 | WizLab   | Identified the amulet "Bynules" {Reflect Int-3 Dex+5 SH+2}
 44741 | WizLab   | Noticed an ancient lich
 44759 | WizLab   | Killed an ancient lich
 44987 | WizLab   | Got a wavering golden ring
 45000 | WizLab   | Identified the Handbook of the Mountains and Poison
 45002 | WizLab   | Identified the ring "Oxtucam" {rN+ Slay+2} (You found it in
                  | a wizard's laboratory)
 45654 | Vaults:4 | Received a gift from Okawaru
 46290 | Elf:1    | Entered Level 1 of the Elven Halls
 46518 | Elf:1    | Found Punaffei's Food Boutique.
 46810 | Elf:1    | Reached XP level 23. HP: 156/156 MP: 30/30
 46814 | Elf:1    | Identified the Guide on Attacks and Summoning
 47350 | Elf:2    | Reached skill level 15 in Armour
 47352 | Elf:2    | Reached skill level 15 in Shields
 47858 | Elf:2    | Received a gift from Okawaru
 47861 | Elf:2    | Got an ichor-stained morningstar {god gift}
 47862 | Elf:2    | Identified the +5 morningstar of Cimuure {venom, rPois
                  | Int+2} (Okawaru gifted it to you on level 2 of the Elven
                  | Halls)
 47866 | Elf:2    | Found a runed translucent gate.
 47866 | Elf:2    | Found a runed translucent gate.
 47871 | Elf:2    | Found a runed translucent gate.
 48185 | Elf:2    | Cast into level 4 of the Abyss (+5 hand axe of distortion)
 48290 | Abyss:4  | Gained mutation: Your mind is acute. (Int +2) [a neqoxec]
 48585 | Abyss:4  | Received a gift from Okawaru
 48635 | Abyss:4  | Paralysed by accursed screaming for 1 turns
 48669 | Abyss:4  | Got an abyssal rune of Zot
 48683 | Elf:2    | Escaped the Abyss
 49144 | Elf:3    | Entered Level 3 of the Elven Halls
 49216 | Elf:3    | Found Nipraq's General Store.
 49778 | Elf:3    | Received a gift from Okawaru
 50304 | Elf:3    | Identified the ring of Gozag's Righteous Fury {*Tele +Blink
                  | rPois Str-4 Dex-5}
 50306 | Elf:3    | Identified the +5 mace of Buul {speed, *Rage rC++}
 50306 | Elf:3    | Identified the ring "Myilerph" {-Tele rElec MR+ Dex+5}
 50314 | Elf:3    | Reached XP level 24. HP: 142/169 MP: 25/30
 50320 | Elf:3    | Identified the +8 battleaxe of the Tent {drain, +Rage
                  | Dex+5}
 50861 | Depths:1 | Entered Level 1 of the Depths
 50861 | Depths:1 | Found a one-way gate leading to the halls of Pandemonium.
 50879 | Depths:1 | Noticed Boris
 50889 | Depths:1 | Killed Boris
 50956 | Depths:1 | Received a gift from Okawaru
 51004 | Depths:1 | Identified the +2 pair of gloves "Guozetz" {*Drain +Inv
                  | rC+++} (Okawaru gifted it to you on level 1 of the Depths)
 51032 | Depths:1 | You are sucked into a shaft and drop 1 floor!
 51098 | Depths:2 | Found Tuuruavu's Jewellery Shoppe.
 51099 | Depths:2 | Found Ruapp's Gadget Boutique.
 51099 | Depths:2 | Found Ahop Boo's Gadget Boutique.
 51391 | Vaults:1 | Bought a heavily runed crystal plate armour for 3145 gold
                  | pieces
 51392 | Vaults:1 | Identified the cursed +0 crystal plate armour of Shielding
                  | {rElec rF+ rC-} (You bought it in a shop on level 1 of the
                  | Vaults)
 51509 | Depths:1 | Found a gateway to Hell.
 52079 | Depths:2 | Identified the +4 scale mail of Weirdness {-Tele +Fly rN+
                  | MR+} (You found it on level 2 of the Depths)
 53238 | Depths:2 | Received a gift from Okawaru
 53759 | Depths:3 | Found a gateway to a ziggurat.
 54262 | Depths:3 | Identified the Compendium of Spatial Darkness
 54330 | Depths:3 | Reached XP level 25. HP: 171/180 MP: 30/30
 54471 | Depths:3 | Found the +6 lightning scales {run, rElec}
 54558 | Depths:3 | Found a one-way gate to the infinite horrors of the Abyss.
 54729 | Depths:3 | Identified a scroll of acquirement
 54730 | Depths:3 | Found the +0 pair of fencer's gloves {Riposte Dex+3}
 55241 | Depths:4 | Noticed Boris
 55265 | Depths:4 | Killed Boris
 55604 | Depths:4 | Received a gift from Okawaru
 55610 | Depths:4 | Found Taucil Qofe's Food Shoppe.
 56446 | Depths:4 | Gained mutation: You are weak. (Str -2) [a neqoxec]
 56448 | Depths:4 | Gained mutation: Your magical capacity is low. (-10% MP) [a
                  | neqoxec]
 56552 | Depths:5 | Entered Level 5 of the Depths
 56732 | Depths:4 | Received a gift from Okawaru
 56746 | Depths:4 | Got an encrusted helmet {god gift}
 56748 | Depths:4 | Identified the +0 helmet of the Grue {Dex+4} (Okawaru
                  | gifted it to you on level 4 of the Depths)
 57345 | Depths:5 | Reached XP level 26. HP: 173/188 MP: 27/27
 57507 | Depths:5 | Found a gate to the Realm of Zot.
 57590 | Zot:1    | Entered Level 1 of the Realm of Zot
 58327 | Zot:1    | Found a runed translucent door.
 58467 | Zot:1    | Received a gift from Okawaru
 58477 | Zot:1    | Found a shimmering altar of Xom.
 58477 | Zot:1    | Noticed reasonance's ghost (legendary DsFi)
 58762 | Zot:2    | Noticed an orb of fire
 58762 | Zot:2    | Lost mutation: Your mind is acute. (Int +2) [an orb of
                  | fire]
 58768 | Zot:2    | Gained mutation: Armour fits poorly on your strangely
                  | shaped body. [an orb of fire]
 58773 | Zot:2    | Gained mutation: You are frail. (-10% HP) [an orb of fire]
 58792 | Zot:2    | Killed an orb of fire
 58800 | Zot:2    | Lost mutation: You are frail. (-10% HP) [potion of
                  | mutation]
 58800 | Zot:2    | Lost mutation: Your magical capacity is low. (-10% MP)
                  | [potion of mutation]
 58800 | Zot:2    | Lost mutation: You are weak. (Str -2) [potion of mutation]
 58800 | Zot:2    | Gained mutation: Your mind is acute. (Int +2) [potion of
                  | mutation]
 60565 | Zot:3    | Reached XP level 27. HP: 142/196 MP: 30/30
 60945 | Zot:4    | Received a gift from Okawaru
 61465 | Zot:4    | Received a gift from Okawaru
 62296 | Zot:4    | Noticed an orb of fire
 62297 | Zot:4    | Lost mutation: Your mind is acute. (Int +2) [an orb of
                  | fire]
 62299 | Zot:4    | Gained mutation: Your spells are a little easier to cast,
                  | but a little less powerful. [an orb of fire]
 62308 | Zot:5    | Entered Level 5 of the Realm of Zot
 62398 | Zot:5    | Received a gift from Okawaru
 62771 | Zot:5    | Noticed an ancient lich
 62795 | Zot:5    | Noticed an ancient lich
 62822 | Zot:5    | Cast into level 5 of the Abyss (the power of Zot)
 62822 | Abyss:5  | Entered Level 5 of the Abyss
 62861 | Zot:5    | Escaped the Abyss
 62867 | Zot:5    | Killed an ancient lich
 63063 | Zot:5    | Noticed an ancient lich
 63063 | Zot:5    | Noticed an orb of fire
 63066 | Zot:5    | Gained mutation: You are covered in fur. (AC +1) [an orb of
                  | fire]
 63309 | Zot:5    | Killed an ancient lich
 63315 | Zot:5    | Reached skill level 15 in Dodging
 63372 | Zot:5    | Killed from afar by a Killer Klown

Levels and vault maps discovered:
D:1:      onia_arrival_mini_spirals, layout_loops_ring
D:2:      layout_basic, chequers_ecumenical_altar_twisty
D:3:      layout_rooms, minmay_goblin_kobold_house
D:4:      layout_basic, nicolae_overflow_hidden_temple,
          minmay_temple_entry_hall, serial_shops, shop, kennysheep_mini, shop,
          first_ration, kennysheep_generic_room_14
D:5:      layout_loops_ring, uniq_pikel
D:6:      layout_gridville, elyvilon_altar_3, basic_altar
D:7:      layout_loops_ring, minmay_fractal_squares_diagonal_5
D:8:      layout_loops_ring, dpeg_oklobed_lair
D:9:      layout_roguey, orc_0_dummy, uniq_harold
D:10:     layout_loops_cross, uniq_urug
D:11:     layout_loops_cross, serial_shops, shop, shop, shop_fountains,
          kennysheep_mini_moat, shop
D:12:     layout_irregular_city, grunt_livestock, st_stairs_6, uniq_rupert,
          uniq_azrael
D:13:     layout_stronghold, erik_vaults_1, serial_ice, serial_ice_n,
          serial_ice_b, serial_ice_d, serial_ice_k, portal_ice_cave_rime,
          basic_altar, grunt_gozag_breadcrumbs, uniq_frances
D:14:     layout_irregular_city, serial_glass, glass_columns_b, glass_columns_a,
          glass_columns_b, glass_columns_c, glass_columns_b, glass_columns_b,
          glass_columns_a, glass_columns_c, lemuel_altar_in_water,
          wad_rectangle_vault, uniq_kirke
D:15:     gammafunk_depths_entry_grave, layout_loops_cross, minivault_26,
          nicolae_twisting_strands
Lair:1:   layout_cave_shapes, maelrawn_ghost_gauntlet_escape, lemuel_fruit_tree,
          infiniplex_staircase_pool
Lair:2:   layout_regular_city, beast_lair_carwin_3, serial_bayou_shore_a,
          grunt_megastairs_4, minmay_lair_oklob_chamber
Lair:3:   layout_cave_shapes
Lair:4:   layout_roguey, minmay_swamp_entry_worms,
          minmay_snake_entry_guardpost_medium
Lair:5:   layout_cave_pods, enter_volcano_1, grunt_megastairs_2, uniq_josephine
Lair:6:   grunt_lair_end_beastmaster, layout_cave_pods, minmay_slime_entry_eyes
Swamp:1:  cheibrodos_swamp_tower_of_moss, layout_basic_swamp,
          ebering_ghost_reflecting_pool, nicolae_swamp_very_dense_foliage,
          uniq_jorgrun
Swamp:2:  layout_basic_swamp, evilmike_swamp_ruin_wall
Swamp:3:  cheibrodos_swamp_heart_of_darkness, layout_falls_marsh,
          evilmike_swamp_ruin_house_6
Swamp:4:  swamp_basic_johnstein, layout_basic_swamp, uniq_louise
Snake:1:  layout_rooms, hangedman_snake_corridor_cut, uniq_aizul, uniq_agnes
Snake:2:  layout_grid_shapes, grunt_megastairs_1, minmay_shop_star
Snake:3:  skrybe_snakes_to_sticks, layout_layer_cave, grunt_megastairs_5
Snake:4:  grunt_snake_rune_spirals, layout_onion
Orc:1:    minmay_goldmine, layout_caves, mines2_david, uniq_sonja
Orc:2:    st_orc_rangers, layout_caves, serial_shops, shop
Elf:1:    eino_elf_arrival_sip, layout_onion_city, serial_shops, shop,
          minmay_elf_sorcery, minmay_misc_feat_cross
Elf:2:    layout_geoelf_octagon, corexii_checkpoint_a, drop_trap,
          chequers_big_river
Elf:3:    minmay_elf_hall_not_hex, layout_gridlike, serial_shops, shop
Vaults:1: vaults_mumra_minichess, v_misc_29, hangedman_vaults_cutoff,
          v_pattern_4, nicolae_vaults_display_case, v_misc_15,
          ontoclasm_vaults_ring_small, vaults_room_fours, v_alt_pattern_3,
          ontoclasm_vaults_misaligned, layout_vaults_omnibox, serial_shops,
          nicolae_shop_waterfront, nicolae_shop_overgrown_old_shop,
          nicolae_shop_behind_doors
Vaults:2: ontoclasm_vaults_gallery, minmay_crypt_entry_skeletal_spiral,
          nicolae_vaults_puzzle_piece, hangedman_vaults_unwind,
          hangedman_vaults_locks, v_rooms_4, grunt_vaults_twisty,
          nicolae_vaults_little_squares_1, nicolae_vaults_rhombus_5,
          layout_vaults_ring, uniq_mennas, uniq_donald, uniq_sojobo
Vaults:3: vaults_room_large_hall, nicolae_vaults_fighting_squares,
          hangedman_vaults_restitches, nicolae_vaults_specimen_jars,
          hangedman_vaults_stagger, hangedman_vaults_restitches,
          nicolae_vaults_hallways_thing, ontoclasm_vaults_ring_square,
          v_misc_12, v_misc_9, ontoclasm_vaults_shuriken,
          nicolae_vaults_asterisk, v_alt_pattern_6, layout_vaults_omnigrid,
          serial_shops, nicolae_shop_overgrown_old_shop, uniq_asterion,
          uniq_boris, uniq_jory
Vaults:4: nicolae_vaults_asterisk, vaults_mumra_minichess_inversion,
          ontoclasm_vaults_idyll, v_rooms_5, nicolae_vaults_what_the_h,
          hangedman_vaults_nails, vaults_mumra_hex, v_pattern_5,
          vaults_room_stairs_pillars, vaults_dpeg_doors,
          layout_vaults_omnicross, serial_shops, nicolae_shop_statue_plus,
          lightli_enter_wizlab_magi_temple
Depths:1: layout_basic, hell_entry, pan_entry, minivault_16,
          lemuel_flamethrower_1
Depths:2: cell_vault, layout_basic, grunt_hell_entry_demonic_statue,
          minmay_misc_feat_ornament, firewood_loft, minmay_shop_grove,
          minmay_staircase_statues_hall_small, serial_bayou_shore_b
Depths:3: cheibrodos_spurs, layout_basic, enter_ziggurat_e,
          nicolae_abyss_entry_one_way_or_another, hellmouth_1, glass_columns_b,
          pan_entry, serial_bayou_shore_b
Depths:4: kennysheep_demon_jail, layout_cave_pools, grunt_hell_entry_dis_old,
          serial_shops, shop, serial_co_window_serial,
          co_window_of_opportunity_a, co_window_paths_b, co_window_corner_a,
          co_window_paths_a, co_window_paths_b, co_window_paths_a,
          co_window_paths_a, co_window_of_opportunity_a, co_window_corner_a,
          co_window_of_opportunity_c, co_window_corner_b, co_window_broadway_a,
          co_window_corner_ca, co_window_corner_ca, co_window_corner_cb,
          glass_columns_a, abyss_entry, st_stairs_10
Depths:5: evilmike_zot_entry_hall, layout_cave_shapes, hell_entry,
          chequers_serial_rivers_room_b
Zot:1:    layout_basic, ebering_ghost_xom
Zot:2:    layout_misc_corridors
Zot:3:    layout_misc_corridors, st_small_dragon_hoard_2,
          nicolae_zot_crop_circle
Zot:4:    grunt_zot_stairs_mandelzot, layout_gridlike, amethyst_zot_foddershock
Zot:5:    layout_onion

Skill      XL: |  1  2  3  4  5  6  7  8  9 10 11 12 13 14 15 16 17 18 19 20 21 22 23 24 25 26 27 |
---------------+----------------------------------------------------------------------------------+-----
Maces & Flails | 3 4 5 6 8 10 12 14 16 17 18 20 21 22 23 24 25 26 | 26.0
Invocations    | 1 2 3 4 6 7 8 9 10 | 10.0
Shields        | 4 5 6 8 10 11 12 13 14 15 | 15.0
Fighting       | 4 5 6 7 8 10 12 13 14 15 16 18 19 20 22 24 25 26 | 26.0
Armour         | 4 5 6 8 10 11 12 13 14 15 16 18 20 | 20.1
Dodging        | 1 2 4 5 7 9 10 11 13 15 | 15.1

Action                   |  1- 3 |  4- 6 |  7- 9 | 10-12 | 13-15 | 16-18 | 19-21 | 22-24 | 25-27 || total
-------------------------+-------+-------+-------+-------+-------+-------+-------+-------+-------++-------
Melee: Flail             |   170 |   160 |   595 |  1059 |  1457 |  1392 |       |       |       ||  4833
       Whip              |       |       |    59 |       |       |       |       |       |       ||    59
       Spear             |       |       |     6 |       |       |       |       |       |       ||     6
       Demon whip        |       |       |       |       |       |   373 |       |       |       ||   373
       Eveningstar       |       |       |       |       |       |   487 |  1667 |  1902 |  1862 ||  5918
       Unarmed           |       |       |       |       |       |       |       |       |     1 ||     1
Invok: Heroism           |       |     1 |     1 |     7 |     4 |    12 |     2 |     3 |     5 ||    35
       Finesse           |       |       |       |       |       |       |       |     1 |     1 ||     2
 Abil: Fly               |       |       |       |       |       |     1 |       |     2 |     1 ||     4
       Stop Flying       |       |       |       |       |       |     1 |     1 |     2 |     1 ||     5
Evoke: Wand              |       |       |       |     6 |    17 |     5 |       |     3 |     4 ||    35
       Lamp of fire      |       |       |       |       |       |     3 |       |       |     2 ||     5
       Phial of floods   |       |       |       |       |       |       |       |     1 |     1 ||     2
  Use: Scroll            |       |    13 |     5 |    13 |     9 |     8 |     5 |    26 |    20 ||    99
       Potion            |       |     1 |       |     5 |     9 |     4 |       |     5 |    15 ||    39
 Stab: Invisible         |       |       |       |     4 |       |       |       |       |       ||     4
       Petrified         |       |       |       |       |     2 |       |       |       |       ||     2
       Confused          |       |       |       |       |       |     2 |       |       |     1 ||     3
       Distracted        |       |       |       |       |       |       |       |     1 |       ||     1
  Eat: Chunk             |     3 |     3 |     7 |     9 |    21 |     2 |     3 |     1 |       ||    49
       Ration            |       |     1 |     1 |     6 |     6 |    11 |     7 |    11 |    11 ||    54
Armor: Scale mail        |   106 |    95 |   110 |       |       |       |       |       |       ||   311
       Plate armour      |       |       |   314 |   662 |   839 |  1551 |   826 |   773 |       ||  4965
       Crystal plate arm |       |       |       |       |       |     7 |       |       |       ||     7
       Gold dragon scale |       |       |       |       |       |       |       |   184 |  1231 ||  1415
Dodge: Dodged            |    58 |    47 |   122 |   201 |   311 |   756 |   402 |   578 |   669 ||  3144
Block: Shield            |    95 |    71 |   300 |   471 |   613 |  1514 |   498 |  1157 |  1224 ||  5943
       Large shield      |       |       |       |       |       |    94 |   901 |       |       ||   995
       Reflection        |       |       |       |       |       |       |    52 |   122 |    29 ||   203
